 Dungeon Crawl Stone Soup version 0.30-a0-1043-g60ff8d5f49 (webtiles) character file.

Game seed: 11615273487642432626

237860 Esekla the Eclecticist (level 19, -4/114 HPs)
             Began as an Octopode Delver on Apr 9, 2023.
             Was an Initiate of Gozag.
             Hit by a large rock thrown by Polyphemus (12 damage)
             ... on level 4 of the Shoals on Apr 10, 2023.
             The game lasted 05:03:19 (37653 turns).

Esekla the Eclecticist (Octopode Delver)           Turns: 37653, Time: 05:03:19

Health: -4/114     AC:  9    Str: 15    XL:     19   Next: 70%
Magic:  23/39      EV: 30    Int: 27    God:    Gozag
Gold:   8112       SH: 13    Dex: 27    Spells: 13/50 levels left

rFire   + + +      SeeInvis +    a - +9 falchion "Ozyts" {freeze, rElec rF+ rC- rN+}
rCold   . . .      Faith    .    C - +0 buckler of the Dragon {rF+ Regen+ rCorr Str-3}
rNeg    + + .      Spirit   .    (helmet restricted)
rPois   +          Reflect  +    t - amulet of reflection
rElec   +          Rampage  .    V - +6 ring of dexterity
rCorr   +                        k - +6 ring of dexterity
Will    +....                    d - +5 ring of evasion
Stlth   +++                      z - +4 ring of protection
HPRegen 1.19/turn                F - ring of Nos Yfe {rPois Str+6 Int+3 SInv}
MPRegen 0.26/turn                g - +6 ring of intelligence
                                 T - ring "Baeneg" {rElec rF+ rC+ rN+ SInv}
                                 X - +4 ring of protection

@: lit by a corona, wereblooded, gold aura, glowing
A: almost no armour, amphibious, 8 rings, camouflage 1, gelatinous body 1,
(nimble swimmer 1), tentacles, frail 1
}: 1/15 runes: serpentine
a: Renounce Religion, Potion Petition, Call Merchant, Bribe Branch


You were on level 4 of the Shoals.
You worshipped Gozag.
Gozag was greatly pleased with you.
You visited 6 branches of the dungeon, and saw 31 of its levels.
You also visited: Gauntlet and Volcano.

You collected 14824 gold pieces.
You spent 4097 gold pieces at shops.
You paid 2615 gold pieces to Gozag.

Inventory:

Hand Weapons
 a - the +9 falchion "Ozyts" (weapon) {freeze, rElec rF+ rC- rN+}
   (You found it on level 2 of the Lair of Beasts)

   rF:        It protects you from fire.
   rC:        It makes you vulnerable to cold.
   rElec:     It insulates you from electricity.
   rN:        It protects you from negative energy.
 c - the +3 scimitar "Jisam" {heavy, Int+5}
   (You found it on level 6 of the Dungeon)

   Int:       It affects your intelligence (+5).
 f - a +4 scimitar of flaming
 r - a +4 trident of protection
 s - a +2 dagger of venom
 w - a +2 long sword of holy wrath
Missiles
 j - 20 poisoned darts
 v - 10 silver javelins
 I - 10 curare-tipped darts
 W - 4 boomerangs (quivered)
Armour
 C - the +0 buckler of the Dragon (worn) {rF+ Regen+ rCorr Str-3}
   (You acquired it in a Gauntlet)

   Str:       It affects your strength (-3).
   rF:        It protects you from fire.
   Regen:     It increases your rate of health regeneration.
   rCorr:     It protects you from acid and corrosion.
Jewellery
 d - a +5 ring of evasion (on tentacle)
 g - a +6 ring of intelligence (on tentacle)
 k - a +6 ring of dexterity (right tentacle)
 o - an amulet of magic regeneration
 t - an amulet of reflection (around mantle)
 z - a +4 ring of protection (on tentacle)
 F - the ring of Nos Yfe (on tentacle) {rPois Str+6 Int+3 SInv}
   (You bought it in a shop on level 9 of the Dungeon)

   [ring of see invisible]

   Str:       It affects your strength (+6).
   Int:       It affects your intelligence (+3).
   rPois:     It protects you from poison.
   SInv:      It lets you see invisible.
 L - a +4 ring of protection
 T - the ring "Baeneg" (on tentacle) {rElec rF+ rC+ rN+ SInv}
   (You found it on level 12 of the Dungeon)

   [ring of see invisible]

   rF:        It protects you from fire.
   rC:        It protects you from cold.
   rElec:     It insulates you from electricity.
   rN:        It protects you from negative energy.
   SInv:      It lets you see invisible.
 U - a ring of protection from fire
 V - a +6 ring of dexterity (left tentacle)
 X - a +4 ring of protection (on tentacle)
Wands
 i - a wand of flame (30)
 p - a wand of iceblast (9)
 J - a wand of digging (1)
 M - a wand of mindburst (7)
 Y - a wand of quicksilver (4)
Scrolls
 b - 7 scrolls of fog
 l - 5 scrolls of enchant weapon
 x - 3 scrolls of poison
 y - 3 scrolls of magic mapping
 E - 3 scrolls of silence
 P - 8 scrolls of teleportation
 Q - 3 scrolls of blinking
 S - 2 scrolls of fear
Potions
 e - 2 potions of might
 h - a potion of heal wounds
 m - 7 potions of curing
 n - a potion of lignification
 q - 5 potions of flight
 u - 2 potions of invisibility
 A - 6 potions of cancellation
 D - 7 potions of attraction
 H - a potion of magic
 K - 2 potions of brilliance
 N - 2 potions of resistance
 O - a potion of ambrosia
 R - a potion of berserk rage
 Z - 2 potions of haste
Miscellaneous
 B - a lightning rod (4/4)


   Skills:
 + Level 10.9 Fighting
 - Level 2.2(9.6) Short Blades
 - Level 14.5 Long Blades
 - Level 0.1 Polearms
 + Level 3.3 Throwing
 * Level 12.0 Dodging
 + Level 10.4 Stealth
 + Level 8.2 Shields
 * Level 16.0 Spellcasting
 * Level 9.9 Necromancy
 - Level 3.1 Translocations
 + Level 5.0 Transmutations
 * Level 10.8 Ice Magic
 + Level 4.0 Air Magic
 + Level 9.0 Earth Magic
 - Level 7.0 Poison Magic
 + Level 1.1 Evocations


You had 13 spell levels left.
You knew the following spells:

 Your Spells              Type           Power      Damage    Failure   Level
a - Ozocubu's Armour      Ice            69%        N/A       1%          3
b - Vhi's Electric Charg  Tloc/Air       82%        N/A       1%          3
c - Mephitic Cloud        Conj/Pois/Air  41%        N/A       1%          3
d - Vampiric Draining     Necr           66%        2d10      1%          3
g - Ozocubu's Refrigerat  Ice            34%        4d15      28%         7
h - Shatter               Erth           31%        3d26*     100%        9
p - Apportation           Tloc           76%        N/A       1%          1
v - Poisonous Vapours     Pois/Air       100%       N/A       1%          2
w - Wereblood             Tmut           48%        N/A       1%          2
x - Olgreb's Toxic Radia  Pois           56%        N/A       1%          4

Your spell library contained the following spells:

 Spells                   Type           Power      Damage    Failure   Level
 Beastly Appendage        Tmut           96%        N/A       1%          1
 Necrotise                Necr           100%       1d9       1%          1
 Sandblast                Erth           100%       2d20      1%          1
 Sting                    Tmut/Pois      100%       1d8       1%          1
 Ensorcelled Hibernation  Hex/Ice        100%       N/A       1%          2
 Passwall                 Tmut/Erth      46%        N/A       1%          2
 Spider Form              Tmut/Pois      53%        N/A       1%          3
 Stone Arrow              Conj/Erth      90%        3d12      1%          3
 Swiftness                Air            43%        N/A       1%          3
 Borgnjor's Vile Clutch   Necr/Erth      32%        N/A       1%          5
 Slow                     Hex            84%        N/A       2%          1
 Summon Small Mammal      Summ           84%        N/A       2%          1
 Gell's Gravitas          Tloc           38%        N/A       2%          3
 Teleport Other           Tloc           38%        N/A       2%          3
 Anguish                  Hex/Necr       24%        N/A       3%          4
 Portal Projectile        Hex/Tloc       60%        N/A       4%          3
 Alistair's Intoxication  Tmut/Pois      35%        N/A       7%          5
 Manifold Assault         Tloc           38%        N/A       8%          4
 Confusing Touch          Hex            21%        N/A       9%          3
 Inner Flame              Hex/Fire       21%        N/A       9%          3
 Tukima's Dance           Hex            21%        N/A       9%          3
 Metabolic Englaciation   Hex/Ice        25%        N/A       9%          5
 Blade Hands              Tmut           24%        N/A       10%         5
 Freezing Cloud           Conj/Ice/Air   24%        6-21      11%         5
 Yara's Violent Unravell  Hex/Tmut       17%        3d8       28%         5
 Arcjolt                  Conj/Air       16%        1d26      34%         5
 Eringya's Noxious Bog    Tmut/Pois      26%        N/A       36%         6
 Dispersal                Tloc           19%        N/A       77%         6
 Plasma Beam              Fire/Air       16%        2x1d30    88%         6
 Enfeeble                 Hex            10%        N/A       100%        7
 Disjunction              Tloc           19%        N/A       100%        8
 Chain Lightning          Conj/Air       16%        3d21      100%        9
 Fire Storm               Conj/Fire      10%        8d3       100%        9
 Simulacrum               Ice/Necr       Unusable   N/A       N/A         6

Dungeon Overview and Level Annotations

Branches:
Dungeon (15/15)            Temple (1/1) D:5            Lair (5/5) D:10
 Shoals (4/4) Lair:3        Snake (4/4) Lair:2        Slime (0/5) Lair:4
    Orc (2/2) D:9             Elf (0/3) Orc:2        Vaults (0/5) D:14
 Depths (0/4) D:15        Volcano (visited)         Gauntlet (visited)

Altars:
Ashenzari
Cheibriados
Dithmenos
Fedhas
Gozag
Kikubaaqudgha
Makhleb
Nemelex Xobeh
Okawaru
Qazlal
Ru
Sif Muna
Trog
Uskayaw
Vehumet
Xom
Yredelemnul
Zin
Jiyva

Shops:
D:8 *   D:9 =   D:14 :   Orc:2 ??[[*!!   Lair:5 :   Shoals:1 :   Snake:3 ==((

Annotations:
D:5 jelly
D:7 2 runed translucent doors, mandoloar's ghost, novice OpTm
D:13 dig 4 many slime creatures
Lair:2 exclusion: oklob plant
Lair:3 exclusion: oklob plant
Shoals:1 2 kraken
Shoals:4 Polyphemus


Innate Abilities, Weirdness & Mutations

You cannot wear most types of armour.
You are amphibious.
You can wear up to eight rings at the same time.
Your skin changes colour to match your surroundings (Stealth+).
Your rubbery body absorbs attacks. (AC +1, EV +1)
((You are camouflaged when in or above water. (Stealth+)))
You have tentacles for arms and can constrict up to eight enemies at once.
You are frail. (-10% HP)


Message History

The blast of calcifying dust hits you but does no damage.
Casting: Vampiric Draining (safe; 1% risk of failure)
Confirm with . or Enter, or press ? or * to list all spells.
Aiming: Vampiric Draining (safe; 1% risk of failure)
Press: ? - help, Shift-Dir - straight line, f/p - merfolk
Aim: a merfolk, wielding a +0 trident (severely wounded, poisoned)
You draw life force from the merfolk!
You feel life coursing into your body!
You are engulfed in calcifying dust.
The faun is engulfed in calcifying dust.
The faun is moving more slowly.
The faun unwields a +0 club.
The faun wields a +0 sling.
The faun shoots a sling bullet.
You reflect the sling bullet off an invisible shield around you!
The sling bullet hits the faun.
You block the snapping turtle's attack. The merfolk hits you with a +0 trident!
Polyphemus throws a large rock.
The large rock completely misses you.
The large rock misses the merfolk.
The merfolk hits you from afar with a +1 heavy trident!!
* * * LOW HITPOINT WARNING * * *
Your icy armour will break if you move.
Continue?
Your icy armour cracks and falls away as you move.
You enter the shallow water.
You howl as the wereblood boils in your veins!
You block the snapping turtle's attack. You block the merfolk's attack.
The faun is engulfed in calcifying dust.
The faun stops moving altogether!
Casting: Vampiric Draining (safe; 1% risk of failure)
Confirm with . or Enter, or press ? or * to list all spells.
Aiming: Vampiric Draining (safe; 1% risk of failure)
Press: ? - help, Shift-Dir - straight line, f/p - merfolk
Aim: a merfolk, wielding a +0 trident (almost dead, poisoned)
You draw life force from the merfolk!
You feel a bit better.
You kill the merfolk!
You hear a splash.
The snapping turtle completely misses you.
The faun is engulfed in calcifying dust.
Polyphemus looks more healthy.
The merfolk closely misses you. The snapping turtle bites you!!
* * * LOW HITPOINT WARNING * * *
Polyphemus throws a large rock.
The large rock hits you!
You die...
Your body crumbles into a pile of gold.

. .......~... ≈ ..
#........ ~≈
~##..../§ ~~≈ #
......#Y## ~~~≈ #.
#'..c#.#~~~~≈
#~.$#~~~§$$~~~~~≈
#..#~m.$<$~~~~~≈
..#..~~~t.$C~~~~~≈
....~..@.P...~~~~≈
P.......##...~~~~≈
.<...P.P##...~~~≈≈
....<..P..P.~~~≈≈≈
...[...PPP.~~~≈≈≈≈
~~~~~~~~~~~~~≈≈≈≈≈
≈≈≈≈≈≈≈≈≈≈≈≈≈≈≈≈≈
≈≈≈≈≈≈≈≈≈≈≈


You could see Polyphemus, a death yak (petrifying), a snapping turtle
(poisoned), a merfolk (poisoned) and a faun (petrified).

Vanquished Creatures
  Jorgrun (D:14)
  Mlioglotl (Snake:3)
  8 nagarajas (Snake:4)
  A stone giant (Volcano)
  A minotaur (Gauntlet)
  4 merfolk javelineers (Shoals:2)
  2 ettins
  3 merfolk impalers (Shoals:2)
  A fire dragon (Lair:5)
  3 hydras
  An ogre mage (Orc:2)
  A merfolk avatar (Shoals:1)
  12 two-headed ogres
  A salamander tyrant (Snake:2)
  Erica (D:8)
  A death knight (D:15)
  3 centaur warriors (D:13)
  An alligator snapping turtle (Shoals:2)
  A dancing weapon (D:14)
  13 naga warriors
  14 anacondas
  2 merfolk aquamancers
  A catoblepas (D:13)
  5 boulder beetles
  2 tengu warriors (D:15)
  8 shock serpents
  15 death yaks
  3 orc high priests (Orc:2)
  13 naga sharpshooters
  Sonja (D:11)
  7 skysharks
  13 skeletal warriors
  2 salamander mystics (Snake:2)
  5 naga ritualists
  29 sea snakes
  A swamp dragon (Lair:5)
  A wizard (D:14)
  23 harpies
  A lindwurm (Lair:5)
  7 orc knights
  3 necromancers
  12 mana vipers
  An oklob plant (Gauntlet)
  5 orc sorcerers
  An ugly thing (D:12)
  14 manticores
  9 cyclopes
  12 salamanders
  10 fauns
  18 naga magi
  31 black mambas
  A molten gargoyle (Volcano)
  4 gargoyles
  11 elephants
  3 merfolk sirens
  2 torpor snails
  6 water nymphs
  8 guardian serpents
  6 cane toads
  2 rime drakes
  An efreet (Volcano)
  12 komodo dragons
  10 polar bears (Lair:5)
  9 meliai
  12 merfolk
  9 trolls
  4 wind drakes
  Grinder (D:6)
  Prince Ribbit (D:8)
  12 blink frogs (Lair:2)
  A wind drake (shapeshifter) (D:15)
  2 raiju (Lair:5)
  2 snapping turtles
  25 dream sheep
  A centaur simulacrum (D:14)
  A shadow (D:12)
  4 slime creatures (D:13)
  A spriggan (shapeshifter) (D:15)
  4 wyverns
  60 yaks
  3 fire elementals (Volcano)
  A wraith (D:11)
  7 water elementals
  5 fire bats (Volcano)
  7 basilisks
  Grum (D:9)
  3 steam dragons
  5 wargs
  4 acid dragons
  17 hell hounds
  56 nagas
  13 water moccasins
  A sky beast (D:6)
  24 orc warriors
  3 swamp drakes (Lair:5)
  13 black bears
  2 ice beasts (D:6)
  24 wolves
  11 ogres
  8 centaurs
  3 kobold brigands
  2 phantoms (D:4)
  10 bullfrogs
  3 gnoll sergeants
  3 scorpions
  4 wights
  4 killer bees (D:9)
  4 electric eels
  3 howler monkeys
  10 lava snakes
  22 orc priests
  A gnoll bouda (D:7)
  3 hounds
  3 jellies
  Crazy Yiuf (D:6)
  A sleepcap (D:4)
  6 iguanas
  30 orc wizards
  5 hell rats (Lair:5)
  24 gnolls
  4 adders
  A shadow imp (D:6)
  2 white imps (D:5)
  A worm (D:2)
  4 dart slugs
  74 orcs
  6 bats
  10 endoplasms
  A giant cockroach (D:4)
  5 goblins
  4 hobgoblins
  4 jackals (D:2)
  20 kobolds
  5 quokkas
  6 ball pythons
  5 frilled lizards
  4 rats
1050 creatures vanquished.

Vanquished Creatures (others)
  A harpy (Shoals:2)
  Psyche (D:9)
  A water elemental (Shoals:2)
  A wolf (Lair:5)
  An orc wizard (D:10)
  22 fungi
  75 plants
  4 tentacles (Shoals:1)
106 creatures vanquished.

Grand Total: 1156 creatures vanquished

Notes
Turn   | Place    | Note
-------+----------+-------------------------------------------
     0 | D:5      | Esekla the Octopode Delver began the quest for the Orb.
     0 | D:5      | Reached XP level 1. HP: 16/16 MP: 1/1
    26 | D:5      | Noticed an orc wizard
   132 | D:5      | Found a staircase to the Ecumenical Temple.
   136 | D:5      | Noticed an ogre
   142 | Temple   | Entered the Ecumenical Temple
   187 | Temple   | Became a worshipper of Gozag Ym Sagoz the Greedy
   283 | D:5      | Noticed a jelly
   372 | D:4      | Noticed a phantom
   384 | D:4      | Reached XP level 2. HP: 21/21 MP: 2/2
   427 | D:4      | Reached XP level 3. HP: 26/26 MP: 2/4
   511 | D:3      | Found a basalt altar of Yredelemnul.
   512 | D:3      | Found a stormy altar of Qazlal.
   904 | D:1      | Reached XP level 4. HP: 31/31 MP: 5/5
  1139 | D:1      | Found a faded altar of an unknown god.
  1810 | D:2      | Reached skill level 1 in Spellcasting
  2204 | D:3      | Learned a level 3 spell: Ozocubu's Armour
  2206 | D:3      | Learned a level 1 spell: Apportation
  2918 | D:4      | Reached XP level 5. HP: 32/36 MP: 2/6
  3103 | D:5      | Reached skill level 1 in Short Blades
  3103 | D:5      | Reached XP level 6. HP: 18/43 MP: 6/8
  3237 | D:5      | Noticed a black bear
  3334 | D:5      | Reached skill level 1 in Ice Magic
  3805 | D:4      | Reached XP level 7. HP: 48/48 MP: 9/9
  4251 | D:5      | Reached skill level 2 in Spellcasting
  4484 | D:5      | Reached XP level 8. HP: 40/54 MP: 11/11
  4943 | D:6      | Reached skill level 1 in Translocations
  4981 | D:6      | Found a runed translucent door.
  4982 | D:6      | Noticed Crazy Yiuf
  5097 | D:6      | Identified the +3 scimitar "Jisam" {heavy, Int+5}
  5148 | D:6      | Reached skill level 1 in Shields
  5229 | D:6      | Reached skill level 5 in Long Blades
  5264 | D:6      | Reached skill level 3 in Spellcasting
  5275 | D:6      | Reached skill level 5 in Fighting
  5306 | D:6      | Noticed Grinder
  5312 | D:6      | Killed Grinder
  5313 | D:6      | Reached skill level 1 in Throwing
  5470 | D:6      | Reached XP level 9. HP: 61/61 MP: 14/14
  5796 | D:6      | Reached skill level 4 in Spellcasting
  5999 | D:6      | Killed Crazy Yiuf
  6068 | D:7      | Noticed mandoloar's ghost (novice OpTm)
  6068 | D:7      | Found a large runed translucent door.
  6068 | D:7      | Found a large runed translucent door.
  7346 | D:8      | Identified the +4 chain mail of Valour {-Tele Int+5}
  7364 | D:8      | Found a shimmering altar of Xom.
  7696 | D:8      | Noticed Erica
  7704 | D:8      | Killed Erica
  7705 | D:8      | Reached skill level 5 in Dodging
  7705 | D:8      | Reached skill level 5 in Spellcasting
  7705 | D:8      | Reached XP level 10. HP: 68/68 MP: 17/17
  7792 | D:8      | Noticed Prince Ribbit
  7798 | D:8      | Killed Prince Ribbit
  7930 | D:8      | Bought a scroll of identify for 28 gold pieces
  7953 | D:9      | Noticed a two-headed ogre
  7958 | D:9      | Killed a two-headed ogre
  7959 | D:9      | Reached skill level 5 in Ice Magic
  8168 | D:9      | Noticed Psyche
  8186 | D:9      | Killed Psyche
  8442 | D:9      | Identified a scroll of acquirement
  9024 | D:9      | Noticed Grum
  9068 | D:9      | Killed Grum
  9069 | D:9      | Reached XP level 11. HP: 49/74 MP: 15/19
  9191 | D:9      | Found a staircase to the Orcish Mines.
  9209 | Orc:1    | Entered Level 1 of the Orcish Mines
  9247 | D:9      | Learned a level 4 spell: Olgreb's Toxic Radiance
  9250 | D:9      | Learned a level 2 spell: Poisonous Vapours
  9266 | D:10     | Entered Level 10 of the Dungeon
  9313 | D:10     | Learned a level 2 spell: Wereblood
  9357 | Orc:1    | Reached skill level 1 in Air Magic
  9371 | Orc:1    | Reached skill level 1 in Poison Magic
  9393 | Orc:1    | Noticed an orc knight
  9419 | Orc:1    | Killed an orc knight
  9420 | Orc:1    | Reached skill level 1 in Transmutations
  9464 | Orc:1    | Found a dark tunnel.
  9527 | Volcano  | Entered a volcano
  9767 | Volcano  | Reached skill level 6 in Spellcasting
  9855 | Volcano  | Found a burning altar of Makhleb.
  9955 | Volcano  | Noticed a stone giant
  9970 | Volcano  | Killed a stone giant
 10246 | D:9      | Bought the ring of Nos Yfe {rPois Str+6 Int+3 SInv} for 676
                  | gold pieces
 10287 | D:10     | Noticed a two-headed ogre
 10303 | D:10     | Killed a two-headed ogre
 10304 | D:10     | Reached skill level 10 in Long Blades
 10317 | D:10     | Found a glowing silver altar of Zin.
 10514 | D:10     | Found a staircase to the Lair.
 10821 | D:10     | Reached XP level 12. HP: 57/81 MP: 13/21
 11547 | Orc:1    | Noticed an ettin
 11561 | Orc:1    | Killed an ettin
 11973 | Orc:2    | Entered Level 2 of the Orcish Mines
 11979 | Orc:2    | Found Rot Mesu's General Store.
 11992 | Orc:2    | Bought a scroll of identify for 30 gold pieces
 12015 | Orc:2    | Reached skill level 7 in Spellcasting
 12252 | Orc:2    | Noticed a two-headed ogre
 12252 | Orc:2    | Noticed an ogre mage
 12253 | Orc:2    | Noticed a two-headed ogre
 12253 | Orc:2    | Noticed a two-headed ogre
 12253 | Orc:2    | Noticed a two-headed ogre
 12254 | Orc:2    | Noticed a two-headed ogre
 12255 | Orc:2    | Noticed a two-headed ogre
 12268 | Orc:1    | Killed a two-headed ogre
 12674 | Orc:2    | Found Iled's Distillery.
 12697 | Orc:1    | Killed a two-headed ogre
 12698 | Orc:1    | Reached skill level 5 in Shields
 12699 | Orc:1    | Killed a two-headed ogre
 12893 | Orc:2    | Killed an ogre mage
 12911 | Orc:2    | Found a staircase to the Elven Halls.
 13016 | Orc:2    | Found Zevem's Distillery.
 13043 | Orc:2    | Bought a potion of lignification for 45 gold pieces
 13043 | Orc:2    | Bought a potion of curing for 45 gold pieces
 13043 | Orc:2    | Bought a potion of heal wounds for 75 gold pieces
 13043 | Orc:2    | Bought a potion of might for 60 gold pieces
 13053 | Orc:1    | Killed a two-headed ogre
 13054 | Orc:1    | Reached skill level 8 in Spellcasting
 13055 | Orc:1    | Killed a two-headed ogre
 13068 | Orc:1    | Killed a two-headed ogre
 13069 | Orc:1    | Reached skill level 5 in Poison Magic
 13284 | Orc:2    | Found a bloodstained altar of Trog.
 13561 | Orc:2    | Found Ruurhun's Antique Armour Shoppe.
 13575 | Orc:2    | Noticed an orc high priest
 13577 | Orc:2    | Noticed an orc high priest
 13578 | Orc:2    | Noticed a soul eater
 13584 | Orc:2    | Noticed a soul eater
 13584 | Orc:2    | Killed an orc high priest
 13585 | Orc:2    | Reached XP level 13. HP: 83/89 MP: 1/25
 13611 | Orc:2    | HP: 3/89 [orc knight/+1 war axe of electrocution (9)]
 13613 | Orc:2    | Reached skill level 9 in Spellcasting
 14241 | Orc:2    | Found Wyjownol's Antique Armour Shoppe.
 14242 | Orc:2    | Found Tuanod's Magic Scroll Boutique.
 14269 | Orc:2    | Found Puaqof's Magic Scroll Boutique.
 14317 | Orc:2    | Bought a scroll of teleportation for 45 gold pieces
 14321 | Orc:2    | Bought a scroll of identify for 30 gold pieces
 14321 | Orc:2    | Bought a scroll of brand weapon for 142 gold pieces
 14329 | Orc:2    | Bought a scroll of identify for 34 gold pieces
 14329 | Orc:2    | Bought a scroll of blinking for 127 gold pieces
 14339 | Orc:2    | Bought a scroll of acquirement for 780 gold pieces
 14339 | Orc:2    | Bought a scroll of enchant weapon for 112 gold pieces
 14561 | D:11     | Noticed Sonja
 14567 | D:11     | Killed Sonja
 16015 | D:12     | Reached skill level 10 in Spellcasting
 16492 | D:12     | Identified the ring "Baeneg" {rElec rF+ rC+ rN+ SInv}
 17053 | Lair:1   | Entered Level 1 of the Lair of Beasts
 17329 | Lair:1   | Learned a level 3 spell: Vampiric Draining
 17800 | Lair:1   | Reached skill level 1 in Necromancy
 17800 | Lair:1   | Reached XP level 14. HP: 27/97 MP: 23/28
 18630 | Lair:2   | Identified the +9 falchion "Ozyts" {freeze, rElec rF+ rC-
                  | rN+}
 18774 | Lair:2   | Reached skill level 11 in Spellcasting
 18901 | Lair:2   | Found a staircase to the Snake Pit.
 20188 | Lair:3   | Found a staircase to the Shoals.
 21170 | Lair:4   | Reached skill level 12 in Spellcasting
 21386 | Lair:4   | Found a staircase to the Slime Pits.
 21390 | Lair:4   | Found a viscous altar of Jiyva.
 21520 | Lair:4   | Reached XP level 15. HP: 103/103 MP: 22/31
 22036 | Lair:5   | Entered Level 5 of the Lair of Beasts
 22265 | Lair:5   | Reached skill level 10 in Fighting
 22267 | Lair:5   | Found a gate leading to a gauntlet.
 22286 | Lair:5   | Bought a book of Annihilations for 960 gold pieces
 22296 | Lair:5   | Learned a level 9 spell: Shatter
 22299 | Gauntlet | Entered a Gauntlet
 22299 | Gauntlet | Found a transporter.
 22299 | Gauntlet | Found a transporter.
 22316 | Gauntlet | Found a transporter.
 22320 | Gauntlet | Found a transporter.
 22337 | Gauntlet | Found a transporter.
 22338 | Gauntlet | Found a transporter.
 22350 | Gauntlet | Found a transporter.
 22371 | Gauntlet | Found a transporter.
 22388 | Gauntlet | Found a transporter.
 22392 | Gauntlet | Found a transporter.
 22406 | Gauntlet | Found a transporter.
 22410 | Gauntlet | Found a transporter.
 22611 | Gauntlet | Reached skill level 1 in Earth Magic
 22816 | Gauntlet | Identified the +1 pair of boots of the Peculiar Stars
                  | {Rampage Int+2}
 23166 | Gauntlet | Reached XP level 16. HP: 109/109 MP: 32/32
 23167 | Gauntlet | Acquired 925 gold pieces
 23169 | Gauntlet | Acquired the +0 buckler of the Dragon {rF+ Regen+ rCorr
                  | Str-3}
 23562 | Lair:5   | Bought a book of Lightning for 544 gold pieces
 23566 | Lair:5   | Learned a level 3 spell: Vhi's Electric Charge
 23961 | Lair:5   | Reached skill level 5 in Necromancy
 25220 | D:13     | Reached skill level 13 in Spellcasting
 26125 | D:14     | Found Rixyurru's Book Shop.
 26179 | D:14     | Found a broken altar of Ashenzari.
 26217 | D:14     | Noticed Jorgrun
 26612 | D:14     | Reached XP level 17. HP: 115/115 MP: 32/34
 26870 | D:14     | Killed Jorgrun
 26982 | D:14     | Found a gate to the Vaults.
 27206 | D:15     | Entered Level 15 of the Dungeon
 27494 | D:15     | Found a staircase to the Depths.
 28075 | Snake:1  | Entered Level 1 of the Snake Pit
 29416 | Snake:2  | Reached skill level 10 in Dodging
 30646 | Snake:3  | Reached skill level 14 in Spellcasting
 30821 | Snake:3  | Found Hacsymiu's Weapon Shoppe.
 30842 | Snake:3  | Found Feroibro's Jewellery Boutique.
 30901 | Snake:3  | Found Wyiwk's Weapon Shoppe.
 30901 | Snake:3  | Noticed Mlioglotl
 30920 | Snake:3  | Gained mutation: You are frail. (-10% HP) [a neqoxec]
 30926 | Snake:3  | Killed Mlioglotl
 30968 | Snake:3  | Found Uwnyal's Weapon Shop.
 30968 | Snake:3  | Found Hituod's Jewellery Shop.
 30982 | Snake:3  | Reached XP level 18. HP: 109/109 MP: 33/36
 31679 | Snake:4  | Entered Level 4 of the Snake Pit
 33473 | Snake:3  | Identified the staff of conjuration "Bow Doo" {rC+ Str+6
                  | Dex+3 Stlth+}
 34076 | Snake:4  | Reached skill level 1 in Evocations
 34333 | Snake:4  | Reached skill level 15 in Spellcasting
 34377 | Snake:4  | Learned a level 7 spell: Ozocubu's Refrigeration
 34574 | Snake:4  | Got a serpentine rune of Zot
 34794 | Shoals:1 | Entered Level 1 of the Shoals
 34794 | Shoals:1 | Found Qehargh's Book Emporium.
 34809 | Shoals:1 | Bought a book of Vapours for 364 gold pieces
 34813 | Shoals:1 | Learned a level 3 spell: Mephitic Cloud
 34835 | Shoals:1 | Reached XP level 19. HP: 114/114 MP: 31/38
 35007 | Shoals:1 | Reached skill level 5 in Transmutations
 35014 | Shoals:1 | Reached skill level 10 in Ice Magic
 35428 | Shoals:1 | Acquired 796 gold pieces
 35714 | Shoals:2 | Reached skill level 10 in Stealth
 37605 | Shoals:4 | Entered Level 4 of the Shoals
 37623 | Shoals:4 | Reached skill level 16 in Spellcasting
 37640 | Shoals:4 | Noticed Polyphemus
 37653 | Shoals:4 | Hit by a large rock thrown by Polyphemus

Illustrated notes

Levels and vault maps discovered:
D:1:      lightli_arrival_farm, layout_basic, nicolae_ecumenical_snake_handling
D:2:      layout_basic
D:3:      layout_loops_ring, nicolae_overflow_two_pavilions
D:4:      layout_basic, kennysheep_cross_room
D:5:      layout_basic, minmay_temple_entry_statues_fountains
D:6:      layout_loops_corners, uniq_grinder, uniq_crazy_yiuf_cottage
D:7:      layout_layer_cave, ebering_ghost_disaster_area
D:8:      layout_layer_cave, kennysheep_mini, uniq_prince_ribbit1, uniq_erica
D:9:      layout_gridville, hiddenorc1_lemuel, uniq_psyche, uniq_grum
D:10:     layout_basic, old_standard_altar, lair_entry_dummy,
          kennysheep_crisscross
D:11:     layout_loops_corners, uniq_sonja
D:12:     layout_layer_cave
D:13:     layout_rooms, serial_aquarium, aquarium_bridge_long_joined
          [aquarium_subvault_wall, aquarium_subvault_balcony,
          aquarium_subvault_wall, aquarium_subvault_balcony,
          aquarium_subvault_bridge, aquarium_subvault_bridge],
          aquarium_bridge_island_small [aquarium_subvault_small_water,
          aquarium_subvault_wall, aquarium_subvault_wall,
          aquarium_subvault_bridge, aquarium_subvault_wall], aquarium_window_1,
          aquarium_window_3, aquarium_window_corner, aquarium_window_fake,
          aquarium_view_2e, aquarium_view_2e, aquarium_balcony_1a,
          aquarium_pool_corner, kennysheep_generic_room_16
D:14:     layout_loops_ring, erik_vaults_1, serial_shops, shop,
          minmay_hedge_maze, minmay_misc_feat_hallway,
          cheibrodos_ashenzari_chains, uniq_jorgrun
D:15:     hangedman_depths_entry_civil_slaughter, layout_basic,
          nicolae_triple_integral, grunt_ministairs_15
Temple:   eino_narrow_crystal_temple
Lair:1:   layout_regular_city, chequers_serial_rivers_large_a,
          serial_bayou_shore_b
Lair:2:   layout_long_grid, nicolae_snake_entry_warm_welcome
Lair:3:   layout_cave_shapes, elwin_shoals_entry_rocks
Lair:4:   layout_gridlike, dpeg_slime_entry_corner
Lair:5:   hangedman_lair_caniforms_friends, layout_cave_pods,
          guppyfry_lair_end_dragon, gauntlet_entry_generic
Shoals:1: layout_shoals, serial_shops, shop, nicolae_shoals_arrival_archipelago
Shoals:2: layout_shoals, nicolae_shoals_pincushion_passage
Shoals:3: layout_shoals, nicolae_shoals_circle_sea_wall
Shoals:4: shoals_end_hellmonk_lost_city, uniq_polyphemus
Snake:1:  layout_chambers
Snake:2:  layout_cave_pods, nicolae_snake_salamander_fort, serial_bayou_shore_b,
          grunt_megastairs_5
Snake:3:  nicolae_snake_attic_fulla_snakes, layout_basic, serial_shops,
          nicolae_shop_waterfront, nicolae_shop_trees,
          nicolae_shop_bloodbath_and_beyond, shop,
          nicolae_shop_advertising_works [nicolae_subvault_shop_adworks],
          grunt_megastairs_4, uniq_mlioglotl
Snake:4:  grunt_snake_rune_pools, layout_chambers, grunt_ministairs_14,
          serial_bayou_lake_a
Orc:1:    layout_caves, enter_volcano_3
Orc:2:    st_orc_elflike, layout_caves, serial_shops, shop,
          nicolae_shop_statue_plus, nicolae_shop_crystal, basic_altar,
          nicolae_orc_crystal_geode

Skill      XL: |  1  2  3  4  5  6  7  8  9 10 11 12 13 14 15 16 17 18 19 |
---------------+----------------------------------------------------------+-----
Stealth        | 7 8 9 10 | 10.4
Spellcasting   | 1 2 3 5 6 8 10 12 13 14 15 16 | 16.0
Short Blades   | 1 2 |  2.2
Long Blades    | 3 4 5 7 9 10 11 12 13 14 | 14.5
Dodging        | 3 4 5 6 7 8 9 10 11 12 | 12.0
Ice Magic      | 1 2 3 4 5 6 7 8 9 10 | 10.8
Fighting       | 4 5 6 7 8 9 10 | 10.9
Translocations | 2 3 |  3.1
Shields        | 2 3 4 5 6 7 8 |  8.2
Throwing       | 1 2 3 |  3.3
Air Magic      | 3 4 |  4.0
Poison Magic   | 3 5 7 |  7.0
Transmutations | 2 4 5 |  5.0
Necromancy     | 1 4 6 7 9 |  9.9
Earth Magic    | 6 8 9 |  9.0
Evocations     | 1 |  1.1
Polearms       | |  0.1

Action                     |  1- 3 |  4- 6 |  7- 9 | 10-12 | 13-15 | 16-18 | 19-21 || total
---------------------------+-------+-------+-------+-------+-------+-------+-------++-------
  Melee: Falchion          |    22 |    69 |    64 |       |   157 |  1091 |   150 ||  1553
         Constrict         |     8 |    18 |    29 |    59 |    51 |   124 |    51 ||   340
         Dagger            |     4 |    27 |    13 |    16 |    54 |    52 |    31 ||   197
         Tentacles         |     4 |    15 |    29 |    64 |   110 |   394 |    89 ||   705
         Punch             |       |     2 |     1 |       |     5 |    22 |    10 ||    40
         Scimitar          |       |       |    67 |   291 |   171 |    97 |    81 ||   707
         Spear             |       |       |     1 |     1 |     6 |       |       ||     8
         Trident           |       |       |       |       |     1 |       |       ||     1
  Throw: Javelin           |       |     4 |     4 |     2 |     4 |     2 |       ||    16
         Dart              |       |     1 |    27 |    34 |     8 |    16 |       ||    86
         Boomerang         |       |       |       |     9 |       |    81 |     4 ||    94
   Cast: Apportation       |       |     4 |    11 |    84 |    61 |   167 |    67 ||   394
         Ozocubu's Armour  |       |     1 |    13 |    45 |    49 |   119 |    26 ||   253
         Poisonous Vapours |       |       |       |    23 |    37 |    27 |     4 ||    91
         Wereblood         |       |       |       |    18 |    24 |    44 |     8 ||    94
         Olgreb's Toxic Ra |       |       |       |    17 |    39 |    21 |     9 ||    86
         Vampiric Draining |       |       |       |       |       |    40 |    22 ||    62
         Vhi's Electric Ch |       |       |       |       |       |     2 |     1 ||     3
         Ozocubu's Refrige |       |       |       |       |       |     1 |     1 ||     2
         Mephitic Cloud    |       |       |       |       |       |       |     1 ||     1
 Invoke: Call Merchant     |       |       |       |     2 |     1 |       |       ||     3
  Evoke: Wand              |       |       |     4 |     5 |     3 |     4 |       ||    16
         Lightning rod     |       |       |       |       |       |     4 |       ||     4
    Use: Scroll            |     1 |     1 |     7 |    12 |     7 |    11 |     1 ||    40
         Potion            |       |       |     3 |     7 |     4 |     5 |       ||    19
   Stab: Sleeping          |     7 |    18 |    11 |    15 |    40 |    42 |    19 ||   152
         Distracted        |       |     1 |     2 |     3 |    10 |    10 |     5 ||    31
         Confused          |       |       |       |       |       |       |     1 ||     1
 Armour: Skin              |       |     7 |    18 |    39 |    44 |   162 |    79 ||   349
  Dodge: Dodged            |    10 |    45 |   109 |   318 |   291 |   990 |   429 ||  2192
  Block: Other             |       |       |     9 |       |       |       |       ||     9
         Buckler           |       |       |    16 |   243 |   176 |   628 |   281 ||  1344
         Reflection        |       |       |     1 |     6 |     6 |    56 |    18 ||    87

Table legend: (Time is in decaauts)
 A = Elapsed time spent in this place.
 B = Non-inter-level travel time spent in this place.
 C = Inter-level travel time spent in this place.
 D = Time resting spent in this place.
 E = Time spent auto-exploring this place.
 F = Levels seen in this place.
 G = Mean time per level.
                   A        B        C        D        E       F      G
               +--------+--------+--------+--------+--------+-----+--------+
         Total |  37176 |  35723 |   1453 |   8419 |   9340 |  33 | 1126.5 |
       Dungeon |  16251 |  15542 |    709 |   2680 |   5022 |  15 | 1083.4 |
        Temple |     60 |     45 |     15 |      0 |     35 |   1 |   60.0 |
          Lair |   7185 |   6769 |    416 |   1933 |   2033 |   5 | 1437.0 |
        Shoals |   2768 |   2716 |     52 |    483 |    367 |   4 |  692.0 |
     Snake Pit |   6355 |   6150 |    205 |   1490 |   1609 |   4 | 1588.8 |
  Orcish Mines |   3075 |   3021 |     54 |   1263 |    274 |   2 | 1537.5 |
       Volcano |    584 |    584 |      0 |    218 |      0 |   1 |  584.0 |
      Gauntlet |    895 |    895 |      0 |    350 |      0 |   1 |  895.0 |
               +--------+--------+--------+--------+--------+-----+--------+

Top non-repeatable levels by time:
 Snake:4: 2573 daAuts
  Lair:5: 1989 daAuts
   Orc:1: 1871 daAuts
    D:12: 1513 daAuts
  Lair:3: 1498 daAuts
     D:5: 1442 daAuts
     D:9: 1404 daAuts
    D:10: 1398 daAuts
  Lair:2: 1374 daAuts
  Lair:1: 1368 daAuts
 Snake:3: 1309 daAuts
 Snake:2: 1254 daAuts
 Snake:1: 1218 daAuts
   Orc:2: 1204 daAuts
Shoals:2: 1200 daAuts
